 Dungeon Crawl Stone Soup version 0.17.0-25-gefc9c12 (webtiles) character file.

793 vatarom the Changer (level 7, 0/48 HPs)
             Began as an Octopode Transmuter on Nov 18, 2015.
             Was an Initiate of Makhleb.
             Succumbed to a worker ant's poison
             ... on level 6 of the Dungeon.
             The game lasted 00:12:14 (5606 turns).

vatarom the Changer (Octopode Transmuter)           Turns: 5606, Time: 00:12:14

Health: 0/48       AC:  1    Str: 14    XL:     7   Next: 88%
Magic:  2/10       EV: 14    Int: 15    God:    Makhleb [......]
Gold:   147        SH:  0    Dex: 13    Spells: 4 memorised, 0 levels left

rFire  . . .     SeeInvis .       - Unarmed
rCold  + . .     Clarity  +     (no shield)
rNeg   . . .     SustAt   .     (helmet restricted)
rPois  .         Gourm    .     n - amulet of clarity (curse)
rElec  .         Spirit   .     e - ring of protection from magic
rCorr  .         Warding  .     i - +3 ring of strength
rMut   .         Stasis   .     j - ring of protection from cold
MR     +....                    (no ring)
Stlth  ++........               (no ring)
                                (no ring)
                                (no ring)
                                (no ring)

@: lethally poisoned (0 -> -14), very slightly contaminated, somewhat resistant
to hostile enchantments, unstealthy
A: almost no armour, amphibious, 8 rings, constrict 8, camouflage 1, gelatinous
body 1
a: Renounce Religion


You were on level 6 of the Dungeon.
You worshipped Makhleb.
Makhleb was noncommittal.
You were not hungry.

You visited 2 branches of the dungeon, and saw 7 of its levels.

You collected 147 gold pieces.

Inventory:

Hand Weapons
 l - a +0 blowgun
Missiles
 a - 57 arrows
 h - 4 tomahawks (quivered)
 m - 17 poisoned needles
 x - 4 javelins
Jewellery
 e - a ring of protection from magic (left tentacle)
 i - a +3 ring of strength (right tentacle)
 j - a ring of protection from cold (on tentacle)
 n - a cursed amulet of clarity (around mantle)
Wands
 k - a wand of frost (17)
Scrolls
 d - 2 scrolls of enchant armour
 o - a scroll of fog
 p - a scroll of remove curse
 q - a scroll of amnesia
 s - 2 scrolls of identify
 t - a scroll of teleportation
 w - a scroll of recharging
Books
 b - a book of Changes

   Spells                             Type                      Level
   a - Beastly Appendage              Transmutation                1
   b - Sticks to Snakes               Transmutation                2
   c - Spider Form                    Transmutation/Poison         3
   d - Ice Form                       Ice/Transmutation            4
   e - Blade Hands                    Transmutation                5
 f - a book of Air

   Spells                             Type                      Level
   a - Shock                          Conjuration/Air              1
   b - Swiftness                      Charms/Air                   2
   c - Repel Missiles                 Charms/Air                   2
   d - Static Discharge               Conjuration/Air              3
   e - Lightning Bolt                 Conjuration/Air              5
Comestibles
 c - a bread ration
 g - 3 meat rations


   Skills:
 - Level 4.1 Fighting
 + Level 4.4 Dodging
 - Level 3.0 Unarmed Combat
 - Level 2.0 Spellcasting
 - Level 6.0 Transmutations
 * Level 0.4 Ice Magic
 + Level 2.1 Invocations


You couldn't memorise any spells.
You knew the following spells:

 Your Spells              Type           Power        Failure   Level  Hunger
a - Beastly Appendage     Trmt           ###...       1%          1    #......
b - Sticks to Snakes      Trmt           ###.......   2%          2    ###....
c - Spider Form           Trmt/Pois      ##........   21%         3    ###....
d - Ice Form              Ice/Trmt       ##......     67%         4    #####..


Dungeon Overview and Level Annotations

Branches:
Dungeon (6/15)             Temple (1/1) D:5

Altars:
Dithmenos
Elyvilon
Gozag
Makhleb
Nemelex Xobeh
Okawaru
Ru
Sif Muna
Vehumet
Xom
Yredelemnul
Zin
The Shining One

Annotations:
D:3 vatarom's ghost, weakling OpTm


Innate Abilities, Weirdness & Mutations

You cannot wear most types of armour.
You are amphibious.
You can wear up to eight rings at the same time.
You can use your tentacles to constrict eight enemies at once.
Your skin changes colour to match your surroundings (Stealth).
Your rubbery body absorbs attacks (AC +1).


Message History

You miscast Ice Form.
The air around you crackles with energy!
* * * LOW HITPOINT WARNING * * *
You feel sick.
Unknown command.
Casting: Ice Form
Confirm with . or Enter, or press ? or * to list all spells.
You don't have enough magic to cast that spell.
Unknown command.
You aren't carrying any potions.
You aren't carrying any potions.
Read which item? (? for menu, Esc to quit)
As you read the scroll of teleportation, it crumbles to dust.
You feel strangely unstable.
* * * LOW HITPOINT WARNING * * *
You feel sick.
* * * LOW HITPOINT WARNING * * *
You feel sick.
Your surroundings suddenly seem different.
You die... ># .# .# .# .# .# #.######.# #......@.# ##########

There were no monsters in sight!

Vanquished Creatures
  A phantom (D:5)
  The ghost of vatarom the Insei, a weakling OpTm (D:4)
  A crimson imp (D:5)
  2 hounds (D:4)
  A centaur skeleton (D:4)
  2 orc priests (D:3)
  An iguana (D:5)
  2 orc wizards (D:5)
  4 worker ants
  A hound zombie (D:5)
  A hound skeleton (D:4)
  A worker ant zombie (D:5)
  8 adders
  4 gnolls
  A shadow imp (D:5)
  2 oozes
  An adder zombie (D:5)
  3 worms
  8 giant geckos
  12 orcs
  A ball python (D:4)
  12 giant cockroaches
  9 hobgoblins
  4 quokkas
  7 bats
  8 giant newts
  8 goblins
  6 jackals
  13 kobolds
  A quokka skeleton (D:5)
  13 rats
139 creatures vanquished.

Vanquished Creatures (collateral kills)
  A worm (D:2)
1 creature vanquished.

Grand Total: 140 creatures vanquished

Notes
Turn   | Place    | Note
--------------------------------------------------------------
     0 | D:1      | vatarom the Octopode Transmuter began the quest for the Orb.
     0 | D:1      | Reached XP level 1. HP: 13/13 MP: 3/3
    73 | D:1      | Reached XP level 2. HP: 18/18 MP: 3/5
   271 | D:1      | Reached XP level 3. HP: 17/24 MP: 3/6
   275 | D:1      | Learned a level 2 spell: Sticks to Snakes
   279 | D:1      | Learned a level 3 spell: Spider Form
   642 | D:2      | Found a radiant altar of Vehumet.
   913 | D:2      | Reached XP level 4. HP: 25/30 MP: 3/7
  1374 | D:3      | Noticed vatarom's ghost (weakling OpTm)
  2206 | D:3      | Reached XP level 5. HP: 34/36 MP: 3/8
  2646 | D:3      | Reached skill level 4 in Transmutations
  3031 | D:3      | Reached XP level 6. HP: 20/43 MP: 2/9
  3605 | D:4      | Killed vatarom's ghost
  3605 | D:4      | Reached skill level 5 in Transmutations
  4098 | D:4      | Reached XP level 7. HP: 27/48 MP: 6/10
  4343 | D:5      | Entered Level 5 of the Dungeon
  4784 | D:5      | Found a staircase to the Ecumenical Temple.
  4794 | Temple   | Entered the Ecumenical Temple
  4911 | Temple   | Became a worshipper of Makhleb the Destroyer
  5060 | D:5      | Reached skill level 1 in Invocations
  5249 | D:5      | Gained mutation: You are frail (-10% HP). [potion of mutation]
  5249 | D:5      | Gained mutation: Your flesh is cold resistant. [potion of mutation]
  5249 | D:5      | Gained mutation: You are partially covered in slimy green scales (AC +2). [potion of mutation]
  5317 | D:5      | Reached skill level 6 in Transmutations
  5538 | D:5      | Learned a level 4 spell: Ice Form
  5601 | D:6      | Lost mutation: You are frail (-10% HP). [potion of cure mutation]
  5601 | D:6      | Lost mutation: Your flesh is cold resistant. [potion of cure mutation]
  5601 | D:6      | Lost mutation: You are partially covered in slimy green scales (AC +2). [potion of cure mutation]
  5605 | D:6      | HP: 1/48 [poisoned by a worker ant]
  5606 | D:6      | Succumbed to a worker ant's poison

Action                   |  1- 3 |  4- 6 |  7- 9 || total
-------------------------+-------+-------+-------++-------
Melee: Unarmed           |    87 |   184 |   124 ||   395
 Cast: Beastly Appendage |    15 |     8 |       ||    23
       Spider Form       |     3 |     9 |     6 ||    18
       Sticks to Snakes  |     2 |     6 |     3 ||    11
Evoke: Wand              |       |       |     1 ||     1
  Use: Scroll            |     4 |     6 |     1 ||    11
       Potion            |     4 |     1 |     4 ||     9
 Stab: Sleeping          |    10 |     4 |     4 ||    18
       Distracted        |       |     2 |       ||     2
  Eat: Chunk             |     1 |     1 |     1 ||     3
       Bread ration      |       |     2 |     1 ||     3
       Pizza             |       |     1 |       ||     1
       Meat ration       |       |     1 |       ||     1
